 Dungeon Sprint DCSS version 0.20.1-1-g8b1a95d (webtiles) character file.

556 Biabri the Carver (level 7, -6/72 HPs)
             Began as a Hill Orc Monk on Dec 21, 2017.
             Was a High Priest of Beogh.
             Mangled by a five-headed hydra (12 damage)
             ... in the Dungeon (Sprint VII: "The Pits").
             The game lasted 00:03:45 (1341 turns).

Biabri the Carver (Hill Orc Monk)                   Turns: 1341, Time: 00:03:45

Health: -6/72      AC: 12    Str: 16    XL:     7   Next: 30%
Magic:  11/11      EV:  9    Int: 10    God:    Beogh [*****.]
Gold:   0          SH:  0    Dex: 13    Spells: 6/6 levels left

rFire    . . .     SeeInvis .   a - +0 falchion
rCold    . . .     Gourm    .   (no shield)
rNeg     . . .     Faith    .   q - +3 chain mail
rPois    .         Spirit   .   (no helmet)
rElec    .         Reflect  .   (no cloak)
rCorr    .         Harm     .   (no gloves)
MR       .....     NoTele   +   (no boots)
Stlth    ..........             (no amulet)
Regen    0.3/turn               (no ring)
MPRegen  0.2/turn               (no ring)

@: lethally poisoned (-6 -> -10), invisible
A: walk on water
a: Smiting, Recall Orcish Followers, Give Item to Named Follower, Renounce
Religion


You were in the Dungeon.
You worshipped Beogh.
Beogh was extremely pleased with you.
You were very full.

You visited 1 branch

Inventory:

Hand Weapons
 a - a +0 falchion (weapon)
 p - a +2 vampiric falchion
 r - a +2 long sword of flaming
Armour
 b - a +0 robe
 q - a +3 chain mail (worn)
Scrolls
 i - a scroll of blinking
 k - 3 scrolls of remove curse
 l - 5 scrolls of amnesia
 m - a scroll of summoning
Potions
 d - 6 potions of curing
 f - a potion of haste
 g - 4 potions of magic
 h - 3 potions of berserk rage
 j - a potion of invisibility
Comestibles
 c - 6 bread rations
 n - 40 fruits
 o - 7 meat rations


   Skills:
 * Level 10.2 Fighting
 * Level 10.9 Long Blades
 + Level 3.0 Armour
 + Level 5.4 Dodging
 + Level 2.8 Stealth
 * Level 6.3 Invocations


You had 6 spell levels left.
You didn't know any spells.

Dungeon Overview and Level Annotations

Branches:
Dungeon (1/1)

Altars:
Ashenzari
Cheibriados
Dithmenos
Elyvilon
Fedhas
Gozag
Hepliaklqana
Kikubaaqudgha
Makhleb
Nemelex Xobeh
Okawaru
Qazlal
Ru
Sif Muna
Trog
Uskayaw
Vehumet
Xom
Yredelemnul
Zin
The Shining One
Beogh
Jiyva
Lugonu


Message History

The scorpion stings you but does no damage.
The quokka bites you.
* * * LOW HITPOINT WARNING * * *
Unknown command.
You feel much better.
You feel sick.
The five-headed hydra barely misses you.
The five-headed hydra bites you! x2
The five-headed hydra barely misses you.
The five-headed hydra bites you.
The scorpion stings you but does no damage.
The quokka bites you but does no damage.
You fade into invisibility!
You feel sick. The five-headed hydra bites you.
The five-headed hydra bites you!
* * * LOW HITPOINT WARNING * * *
The five-headed hydra bites you but does no damage.
The five-headed hydra bites you.
* * * LOW HITPOINT WARNING * * *
The five-headed hydra bites you!
You die...

#.##'#.†#'###...<...#
#.#..†.....##.......#
#.#........##.......#
#)###########.......#
#.......#))##########
#.###...#)######
#.#.....#)#....#
#.#...#.#'#r...#
#.....#.#o@s...+
#...###.#o#D...#
#....o..'.#....#
################


You could see a five-headed hydra, a scorpion, a quokka, a friendly orc wizard
(invisible) and a friendly orc.

Vanquished Creatures
  A fire bat (D)
  2 porcupines (D)
  A water moccasin (D)
  A gnoll shaman (D)
  A worker ant (D)
  4 gnolls (D)
  A river rat (D)
  An ooze (D)
  A leopard gecko (D)
  A giant cockroach (D)
  A goblin (D)
  A hobgoblin (D)
  A quokka (D)
  2 ball pythons (D)
  A bat (D)
  A kobold (D)
  A rat (D)
22 creatures vanquished.

Notes
Turn   | Place    | Note
-------+----------+-------------------------------------------
     0 | D        | Biabri the Hill Orc Monk began the quest for the Orb.
     0 | D        | Reached XP level 1. HP: 19/19 MP: 1/1
    21 | D        | Found a bloodstained altar of Trog.
    21 | D        | Found a deep blue altar of Sif Muna.
    21 | D        | Found a viscous altar of Jiyva.
    21 | D        | Found a hazy altar of Hepliaklqana.
    21 | D        | Found an opulent altar of Gozag.
    22 | D        | Found a glowing golden altar of the Shining One.
    22 | D        | Found a glowing silver altar of Zin.
    22 | D        | Found a basalt altar of Yredelemnul.
    22 | D        | Found a shimmering altar of Xom.
    22 | D        | Found a sacrificial altar of Ru.
    22 | D        | Found a stormy altar of Qazlal.
    22 | D        | Found an iron altar of Okawaru.
    22 | D        | Found a sparkling altar of Nemelex Xobeh.
    22 | D        | Found a burning altar of Makhleb.
    22 | D        | Found a blossoming altar of Fedhas.
    22 | D        | Found a white marble altar of Elyvilon.
    22 | D        | Found a shadowy altar of Dithmenos.
    22 | D        | Found a snail-covered altar of Cheibriados.
    25 | D        | Found a corrupted altar of Lugonu.
    25 | D        | Found a radiant altar of Vehumet.
    25 | D        | Found a roughly hewn altar of Beogh.
    26 | D        | Found an ancient bone altar of Kikubaaqudgha.
    26 | D        | Found a hide-covered altar of Uskayaw.
    26 | D        | Found a shattered altar of Ashenzari.
    36 | D        | Became a worshipper of Beogh the Brigand
    36 | D        | Reached * piety under Beogh
    36 | D        | Reached ** piety under Beogh
    92 | D        | Reached XP level 2. HP: 14/28 MP: 2/2
   246 | D        | Reached skill level 5 in Fighting
   246 | D        | Reached skill level 5 in Long Blades
   248 | D        | Reached *** piety under Beogh
   259 | D        | Reached XP level 3. HP: 31/36 MP: 3/3
   276 | D        | Reached **** piety under Beogh
   549 | D        | Noticed a fire bat
   558 | D        | Killed a fire bat
   558 | D        | Reached XP level 4. HP: 26/48 MP: 0/6
   558 | D        | Reached XP level 5. HP: 29/53 MP: 0/7
   569 | D        | Reached skill level 1 in Armour
   721 | D        | Noticed a porcupine
   728 | D        | Killed a porcupine
   728 | D        | Reached ***** piety under Beogh
   728 | D        | Reached skill level 5 in Dodging
   728 | D        | Reached XP level 6. HP: 40/63 MP: 9/9
   787 | D        | Noticed a porcupine
   791 | D        | Killed a porcupine
   791 | D        | Reached skill level 10 in Long Blades
   791 | D        | Reached skill level 5 in Invocations
   879 | D        | Noticed a water moccasin
   891 | D        | Killed a water moccasin
   891 | D        | Reached skill level 10 in Fighting
   891 | D        | Reached XP level 7. HP: 60/72 MP: 11/11
  1330 | D        | Noticed a four-headed hydra
  1336 | D        | HP: 2/72 [five-headed hydra (2)]
  1341 | D        | Mangled by a five-headed hydra

Skill      XL: |  1  2  3  4  5  6  7 |
---------------+----------------------+-----
Fighting       | 4 5 7 9 10 | 10.2
Long Blades    | 4 5 8 9 10 | 10.9
Dodging        | 3 4 5 |  5.4
Stealth        | 2 |  2.8
Invocations    | 3 4 6 |  6.3
Armour         | 1 2 3 |  3.0

Action                   |  1- 3 |  4- 6 |  7- 9 || total
-------------------------+-------+-------+-------++-------
Melee: Falchion          |    40 |    33 |    35 ||   108
Invok: Smiting           |     1 |       |       ||     1
  Use: Potion            |       |     1 |     6 ||     7
  Eat: Bread ration      |       |       |     2 ||     2
Armor: Robe              |     8 |       |       ||     8
       Chain mail        |     7 |     9 |    32 ||    48
Dodge: Dodged            |    35 |    15 |    32 ||    82
       Rpst.: Falchion   |    11 |     6 |     4 ||    21
